 Dungeon Crawl Stone Soup version 0.20.0-15-g7f486f2 (webtiles) character file.

308945 winterking the Warrior (level 20, -31/193 HPs)
             Began as a Minotaur Berserker on July 6, 2017.
             Was a High Priest of Trog.
             Killed from afar by a frost giant (72 damage)
             ... with a bolt of cold
             ... while paralysed
             ... on level 3 of the Vaults on July 7, 2017.
             The game lasted 03:59:56 (34601 turns).

winterking the Warrior (Minotaur Berserker)        Turns: 34601, Time: 03:59:58

Health: -31/193    AC: 28    Str: 32    XL:     20   Next: 36%
Magic:  9/9        EV:  2    Int:  4    God:    Trog [*****.]
Gold:   3254       SH:  0    Dex: 26    Spells: 19/19 levels left

rFire    + + +     SeeInvis .   i - +9 war axe (antimagic)
rCold    x . .     Gourm    .   V - +4 shield {rN+}
rNeg     + + +     Faith    .   d - +5 fire dragon scales
rPois    .         Spirit   .   N - +2 hat
rElec    .         Reflect  +   y - +2 cloak
rCorr    .         Harm     .   O - -2 pair of gloves of Prudence {*Slow +Fly rN+ Dex+2}
MR       +....     NoTele   +   r - +0 pair of boots of Lugonu's Benevolence {-Tele Dex+6}
Stlth    +.........             P - +5 amulet of reflection
Regen    0.5/turn               w - ring of Obsession {AC+1 Str+7 Dex+2}
MPRegen  0.2/turn               Y - ring of the Tempest {rF+ rN+ Slay+2}

@: paralysed, marked, fainting
A: retaliatory headbutt, horns 2
}: 2/15 runes: serpentine, barnacled
a: Berserk, Trog's Hand, Brothers in Arms, Burn Spellbooks, Renounce Religion,
Evoke Flight


You were on level 3 of the Vaults.
You worshipped Trog.
Trog was extremely pleased with you.
You were fainting.

You visited 6 branches of the dungeon, and saw 34 of its levels.
You also visited: Ice Cave.

You collected 4620 gold pieces.
You spent 1366 gold pieces at shops.

Inventory:

Hand Weapons
 i - a +9 antimagic war axe (weapon)
 q - the +9 spear of the Five Moons {freeze, Str+2 Stlth+}
   (You found it on level 4 of the Snake Pit)

   It has been specially enchanted to freeze those struck by it, causing extra
   injury to most foes and up to half again as much damage against particularly
   susceptible opponents.
   It can also slow down cold-blooded creatures.
   It affects your strength (+2).
   It makes you more stealthy.
 T - a +5 demon whip of electrocution
Armour
 d - +5 fire dragon scales (worn)
 r - the +0 pair of boots of Lugonu's Benevolence (worn) {-Tele Dex+6}
   (You acquired it on level 1 of the Snake Pit)

   It affects your dexterity (+6).
   It prevents most forms of teleportation.
 y - a +2 cloak (worn)
 G - +0 ice dragon scales
 N - a +2 hat (worn)
 O - the -2 pair of gloves of Prudence (worn) {*Slow +Fly rN+ Dex+2}
   (You bought it in a shop on level 2 of the Orcish Mines)

   It affects your dexterity (+2).
   It protects you from negative energy.
   It lets you fly.
   It may slow you when you take damage.
 V - a +4 shield of positive energy (worn)
Jewellery
 w - the ring of Obsession (left hand) {AC+1 Str+7 Dex+2}
   (You found it on level 4 of the Shoals)

   [ring of protection]

   It affects your AC (+1).
   It affects your strength (+7).
   It affects your dexterity (+2).
 P - a +5 amulet of reflection (around neck)
 Y - the ring of the Tempest (right hand) {rF+ rN+ Slay+2}
   (You found it in an ice cave)

   [ring of positive energy]

   It affects your accuracy and damage with ranged weapons and melee attacks
   (+2).
   It protects you from fire.
   It protects you from negative energy.
Wands
 e - a wand of digging (5/24)
 u - a wand of disintegration (8/24)
 z - a wand of acid (9/15)
 D - a wand of enslavement (21/24)
Scrolls
 a - a scroll of holy word
 b - 4 scrolls of magic mapping
 f - 17 scrolls of teleportation
 m - 13 scrolls of remove curse
 o - 2 scrolls of blinking
 p - 4 scrolls of recharging
 H - a scroll of summoning
 K - 6 scrolls of fog
 Q - 5 scrolls of fear
Potions
 h - 3 potions of haste {unknown}
 j - 4 potions of heal wounds
 k - 3 potions of cancellation {unknown}
 n - 9 potions of curing
 s - a potion of resistance
 A - a potion of experience {unknown}
 B - 6 potions of brilliance
 C - 3 potions of ambrosia {unknown}
 F - a potion of invisibility {unknown}
 I - 2 potions of magic {unknown}
 J - 10 potions of lignification
 M - 4 potions of agility {unknown}
 R - 4 potions of flight
 W - 3 potions of berserk rage {unknown}
 Z - 7 potions of might
Books
 l - a book of Burglary

   Spells                             Type                      Level
   a - Swiftness                      Charms/Air                   2
   b - Passwall                       Transmutation/Earth          2
   c - Passage of Golubria            Translocation                4
   d - Lee's Rapid Deconstruction     Earth                        5
   e - Darkness                       Hexes                        6
   f - Invisibility                   Hexes                        6
   Trog disapproves of the use of such an item.
 E - Difair's Tome of Freezing Bewitchment
   (You found it on level 1 of the Vaults)

   Spells                             Type                      Level
   a - Confusing Touch                Hexes                        1
   b - Freeze                         Ice                          1
   c - Throw Frost                    Conjuration/Ice              2
   d - Dazzling Spray                 Conjuration/Hexes            3
   e - Tukima's Dance                 Hexes                        3
   f - Fulminant Prism                Conjuration/Hexes            4
   g - Invisibility                   Hexes                        6
   Trog disapproves of the use of such an item.
 S - a book of Enchantments

   Spells                             Type                      Level
   a - Cause Fear                     Hexes                        4
   b - Yara's Violent Unravelling     Hexes/Transmutation          5
   c - Silence                        Hexes/Air                    5
   d - Deflect Missiles               Charms/Air                   6
   e - Discord                        Hexes                        8
   Trog disapproves of the use of such an item.
 X - a book of Geomancy

   Spells                             Type                      Level
   a - Sandblast                      Earth                        1
   b - Passwall                       Transmutation/Earth          2
   c - Stone Arrow                    Conjuration/Earth            3
   d - Petrify                        Transmutation/Earth          4
   e - Lee's Rapid Deconstruction     Earth                        5
   Trog disapproves of the use of such an item.
Miscellaneous
 x - a phial of floods
 U - a lightning rod (4/4)
Comestibles
 c - 17 bread rations
 g - 17 meat rations
 t - 12 royal jellies
 v - 6 chunks of flesh
 L - 25 fruits


   Skills:
 + Level 19.7 Fighting
 - Level 16.8(17.6) Axes
 - Level 5.5(12.4) Maces & Flails
 - Level 7.9(13.4) Polearms
 + Level 19.4 Armour
 + Level 17.5 Dodging
 + Level 3.1 Stealth
 - Level 15.0 Shields
 - Level 10.7 Evocations


You had 19 spell levels left.
You didn't know any spells.

Dungeon Overview and Level Annotations

Branches:
Dungeon (15/15)            Temple (0/1) D:5            Lair (6/6) D:11
 Shoals (4/4) Lair:2        Snake (4/4) Lair:2        Slime (0/5) Lair:6
    Orc (2/2) D:12            Elf (0/3) Orc:2        Vaults (3/5) D:14
  Crypt (0/3) Vaults:2     Depths (0/5) D:15

Altars:
Ashenzari
Cheibriados
Dithmenos
Elyvilon
Fedhas
Gozag
Hepliaklqana
Makhleb
Okawaru
Uskayaw
Vehumet
Zin
The Shining One
Beogh

Shops:
D:5 *   D:9 (   D:13 =   Orc:2 ![?[   Snake:4 ?%   Vaults:1 (   Vaults:2 :

Portals:
Trove: D:10 (give 18 potions of curing)

Annotations:
Lair:6 exclusion: 2 oklob plants


Innate Abilities, Weirdness & Mutations

You reflexively headbutt those who attack you in melee.
You have a pair of horns on your head.


Message History

The two-headed ogre hits you with a giant club!
The orc knight hits you with a long sword.
The vault warden hits you but does no damage.
The frost giant hits you with a battleaxe of freezing!
The frost giant freezes you.
The orc knight hits you with a long sword!
The vault warden hits you with a dire flail!
The ogre hits you with a giant spiked club!
* * * LOW HITPOINT WARNING * * *
The two-headed ogre hits you but does no damage.
The two-headed ogre hits you with a giant club.
* * * LOW HITPOINT WARNING * * *
2 yaktaurs come into view.
The vault warden hits you with a dire flail!
* * * LOW HITPOINT WARNING * * *
The orc knight hits you but does no damage.
The frost giant gestures at you while chanting.
Helpless, you fail to dodge the bolt of cold.
You feel a terrible chill!
You die...

+####'##################
..........c.............
..........).............
.........))))..c........
.........)c.c(OCOO......
.........(...(co@)......
...............p........
################+#######


You could see a frost giant, a vault warden, a yaktaur captain, an orc knight, a
two-headed ogre, 4 yaktaurs and 2 ogres.

Vanquished Creatures
  Saint Roka (Snake:4)
  Asterion (Snake:1)
  Frances (Shoals:1)
  A sphinx (Vaults:1)
  A kraken (Shoals:4)
  A tengu reaver (Vaults:1)
  Ilsuiw (Shoals:4)
  9 nagarajas
  A deep elf sorcerer (Vaults:1)
  6 vault wardens
  The ghost of Inus the Thaumaturge, a journeyman DgIE (Shoals:2)
  Aizul (Vaults:2)
  2 orc warlords (Vaults:1)
  5 ironheart preservers
  4 stone giants
  3 very ugly things (Vaults:2)
  The ghost of mumawa the Fencer, a journeyman MiBe of Trog (Lair:6)
  The ghost of bande the Severer, a journeyman MiBe of Trog (Lair:6)
  A deep elf demonologist (Vaults:1)
  The ghost of Morgon the Black Belt, a journeyman DgTm (Lair:6)
  A white draconian (IceCv)
  2 merfolk javelineers (Shoals:4)
  An ettin (Orc:2)
  2 fire dragons
  Josephine (D:12)
  5 merfolk impalers
  3 ice dragons
  3 rakshasas
  8 hydras
  11 naga warriors
  4 yaktaur captains
  8 vault guards
  An alligator snapping turtle (Shoals:4)
  The ghost of Morgon the Cleaver, a journeyman DsFi of Makhleb (D:9)
  3 merfolk avatars
  Erica (D:9)
  3 merfolk aquamancers (Shoals:4)
  11 anacondas
  2 dancing weapons (D:14)
  5 centaur warriors
  25 two-headed ogres
  A tengu warrior (D:12)
  8 ogre magi
  2 death knights
  2 orc high priests (Orc:2)
  A vampire mage (Vaults:2)
  18 naga sharpshooters
  7 shock serpents
  13 skeletal warriors
  10 sea snakes
  4 salamander mystics
  2 shadow wraiths
  3 unseen horrors
  12 naga ritualists
  A deep troll (Vaults:3)
  2 wizards
  A phantasmal warrior (Vaults:1)
  25 harpies
  A swamp dragon (Lair:6)
  2 deep elf archers
  A necromancer (Vaults:2)
  10 orc knights
  11 mana vipers
  5 wolf spiders
  A sphinx zombie (Vaults:2)
  22 ugly things
  9 ironbrand convokers
  7 cyclopes
  4 orc sorcerers
  2 deep elf magi
  6 fauns (Shoals:1)
  4 merfolk sirens
  10 manticores
  7 elephants (Lair:6)
  8 salamanders
  6 guardian serpents
  A human skeleton (Vaults:2)
  47 black mambas
  5 vault sentinels
  4 water nymphs
  A torpor snail (Lair:1)
  24 naga magi
  A storm dragon simulacrum (Vaults:2)
  A yaktaur zombie (Vaults:2)
  14 spiny frogs
  A rime drake (shapeshifter) (Vaults:2)
  4 freezing wraiths
  4 rime drakes
  9 komodo dragons
  30 yaktaurs
  A guardian mummy (D:10)
  A troll (D:15)
  3 meliai (D:15)
  19 merfolk
  5 hornets
  15 polar bears (IceCv)
  3 wind drakes
  15 blink frogs
  18 hippogriffs
  20 slime creatures
  2 fire giant simulacra
  13 snapping turtles
  3 vampires (Vaults:2)
  23 wyverns
  A redback (Lair:6)
  6 wraiths
  A spriggan (D:7)
  2 shadows (D:11)
  3 water elementals
  3 basilisks (Lair:6)
  77 yaks
  5 hungry ghosts
  5 steam dragons (Lair:6)
  A swamp worm (shapeshifter) (Vaults:1)
  14 vampire mosquitoes
  7 wargs
  23 water moccasins
  65 nagas
  3 acid dragons
  2 hell hounds (Lair:6)
  Duvessa (D:6)
  32 orc warriors
  10 porcupines
  14 ice beasts
  2 phantoms
  An eye of draining (D:15)
  8 sky beasts
  2 swamp drakes (Lair:6)
  18 ogres
  8 boggarts
  54 wolves
  3 necrophages
  32 centaurs
  28 crocodiles
  2 big kobolds
  23 bullfrogs
  Dowan (D:6)
  3 scorpions
  A human simulacrum (Vaults:2)
  23 killer bees
  3 wights (D:11)
  4 howler monkeys
  3 electric eels
  A bullfrog zombie (D:7)
  8 crimson imps
  A centaur zombie (D:10)
  6 hounds
  A bullfrog skeleton (D:5)
  33 orc priests
  A gnoll shaman (Orc:2)
  8 jellies
  Crazy Yiuf (D:6)
  5 centaur skeletons
  29 orc wizards
  4 iguanas
  8 worker ants
  2 hound skeletons
  A mummy (D:9)
  A worker ant zombie (D:5)
  7 gnolls
  10 adders
  4 shadow imps
  An ooze (D:1)
  4 worms (D:2)
  A dart slug (D:3)
  2 leopard geckos
  101 orcs
  5 giant cockroaches
  5 goblins
  7 hobgoblins
  8 jackals
  20 kobolds
  4 quokkas
  5 bats
  5 frilled lizards
  A jackal skeleton (D:5)
  5 rats
  A fungus (Lair:6)
  A plant (Shoals:4)
  3 tentacles (Shoals:4)
1463 creatures vanquished.

Vanquished Creatures (collateral kills)
  A nagaraja (Snake:4)
  An ironheart preserver (Vaults:3)
  A naga warrior (Snake:4)
  A two-headed ogre (Vaults:3)
  A satyr (Shoals:3)
  2 orc high priests (Orc:2)
  A naga sharpshooter (Snake:4)
  4 skeletal warriors (D:14)
  2 deep trolls (Vaults:3)
  A flayed ghost (Vaults:3)
  4 fauns (Shoals:3)
  4 rime drakes (Lair:6)
  3 merfolk (Shoals:4)
  2 hippogriffs (Lair:6)
  A human (shapeshifter) (Vaults:3)
  A basilisk (Lair:6)
  2 orc warriors (Orc:2)
  A gnoll shaman (Orc:2)
  10 orc priests (Orc:2)
  6 orc wizards (Orc:2)
  3 gnolls (Orc:2)
  4 orcs (Orc:2)
56 creatures vanquished.

Vanquished Creatures (others)
  A vault warden (Vaults:3)
  A centaur warrior (Vaults:1)
  A satyr (Shoals:4)
  3 naga sharpshooters
  A faun (Shoals:1)
  A manticore (Shoals:2)
  A cyclops (Vaults:1)
  2 yaktaurs (Vaults:3)
  An orc warrior (Vaults:1)
  A wolf (IceCv)
  2 orcs
  6 bushes (Lair:6)
  10 fungi
  38 plants
  3 tentacles (Shoals:4)
72 creatures vanquished.

Grand Total: 1591 creatures vanquished

Notes
Turn   | Place    | Note
-------+----------+-------------------------------------------
     0 | D:1      | winterking the Minotaur Berserker began the quest for the Orb.
     0 | D:1      | Reached XP level 1. HP: 19/19 MP: 0/0
   303 | D:1      | Reached XP level 2. HP: 26/26 MP: 1/1
   607 | D:2      | Found an opulent altar of Gozag.
   644 | D:2      | Reached skill level 5 in Axes
   670 | D:2      | Reached XP level 3. HP: 23/31 MP: 2/2
   738 | D:2      | Found a hide-covered altar of Uskayaw.
   738 | D:2      | Noticed a hand axe
   738 | D:2      | Noticed a dagger
   770 | D:2      | Reached ** piety under Trog
  1351 | D:3      | Reached XP level 4. HP: 32/39 MP: 3/3
  1426 | D:3      | Found a white marble altar of Elyvilon.
  1765 | D:4      | Reached XP level 5. HP: 24/45 MP: 4/4
  1841 | D:4      | Noticed an ogre
  1847 | D:4      | Killed an ogre
  1911 | D:4      | Reached XP level 6. HP: 34/51 MP: 5/5
  2236 | D:4      | Found a burning altar of Makhleb.
  2246 | D:4      | Noticed a blizzard demon
  2246 | D:4      | Found a glowing silver altar of Zin.
  2247 | D:4      | Noticed an angel
  2417 | D:4      | Found a shadowy altar of Dithmenos.
  2545 | D:5      | Entered Level 5 of the Dungeon
  2619 | D:5      | Found a glowing golden altar of the Shining One.
  2710 | D:5      | Noticed a sky beast
  2720 | D:5      | Killed a sky beast
  2720 | D:5      | Reached XP level 7. HP: 50/57 MP: 6/6
  2722 | D:5      | Reached *** piety under Trog
  2804 | D:5      | Found Kuodyzae's General Store.
  2809 | D:5      | Bought a scroll of identify for 24 gold pieces
  2810 | D:5      | Found a staircase to the Ecumenical Temple.
  2830 | D:5      | Reached skill level 10 in Axes
  2990 | D:5      | Reached skill level 1 in Shields
  3022 | D:5      | Reached XP level 8. HP: 52/64 MP: 7/7
  3533 | D:6      | Noticed Duvessa
  3546 | D:6      | Killed Duvessa
  3564 | D:6      | Noticed Dowan
  3672 | D:6      | Killed Dowan
  4011 | D:6      | Found a runed door.
  4222 | D:6      | Noticed Crazy Yiuf
  4231 | D:6      | Paralysed by Crazy Yiuf for 2 turns
  4238 | D:6      | Killed Crazy Yiuf
  4486 | D:7      | Reached XP level 9. HP: 66/72 MP: 8/8
  4600 | D:7      | Reached skill level 5 in Fighting
  4649 | D:7      | Reached **** piety under Trog
  4868 | D:7      | Found a radiant altar of Vehumet.
  4926 | D:7      | Found a hazy altar of Hepliaklqana.
  5137 | D:8      | Noticed a two-headed ogre
  5153 | D:8      | Killed a two-headed ogre
  5153 | D:8      | Reached skill level 5 in Armour
  5220 | D:8      | Reached skill level 5 in Dodging
  5297 | D:8      | Reached XP level 10. HP: 57/84 MP: 9/9
  5304 | D:8      | Noticed a two-headed ogre
  5313 | D:8      | Killed a two-headed ogre
  5764 | D:8      | Found a shattered altar of Ashenzari.
  6105 | D:9      | Noticed a two-headed ogre
  6112 | D:9      | Killed a two-headed ogre
  6203 | D:9      | Noticed Morgon's ghost (journeyman DsFi)
  6213 | D:9      | Reached ***** piety under Trog
  6228 | D:9      | Killed Morgon's ghost
  6228 | D:9      | Reached skill level 15 in Axes
  6345 | D:9      | Found a blossoming altar of Fedhas.
  6386 | D:9      | Found a burning altar of Makhleb.
  6456 | D:9      | Found Gujyditt's Weapon Emporium.
  6463 | D:9      | Noticed Erica
  6465 | D:9      | Found a snail-covered altar of Cheibriados.
  6470 | D:9      | Killed Erica
  6470 | D:9      | Reached XP level 11. HP: 94/94 MP: 10/10
  6523 | D:9      | Noticed a two-headed ogre
  6531 | D:9      | Killed a two-headed ogre
  6610 | D:9      | Found an iron altar of Okawaru.
  6750 | D:9      | Found a hide-covered altar of Uskayaw.
  6823 | D:9      | Got a crystal spear
  6824 | D:9      | Identified the +5 spear "Hellblazer" {pierce, Int+4} (You found it on level 9 of the Dungeon)
  6830 | D:10     | Entered Level 10 of the Dungeon
  6840 | D:10     | Got a bloodstained dire flail
  6841 | D:10     | Identified the cursed +2 dire flail of Kiheg {freeze, rC+ Dex+3} (You found it on level 10 of the Dungeon)
  6979 | D:10     | Got a faintly glowing scale mail
  6980 | D:10     | Identified the cursed +1 scale mail "Mustav" {*Contam +Blink Dex+10} (You found it on level 10 of the Dungeon)
  7123 | D:10     | Reached skill level 1 in Polearms
  7196 | D:10     | Noticed a two-headed ogre
  7204 | D:10     | Killed a two-headed ogre
  7297 | D:10     | Received a gift from Trog
  7395 | D:10     | Found a portal to a secret trove of treasure.
  7496 | D:10     | Noticed a two-headed ogre
  7501 | D:10     | Killed a two-headed ogre
  7874 | D:11     | Found a staircase to the Lair.
  7937 | D:11     | Noticed a cyan ugly thing
  7951 | D:11     | Killed a cyan ugly thing
  8259 | D:11     | Reached skill level 5 in Polearms
  8587 | D:11     | Noticed a two-headed ogre
  8598 | D:11     | Killed a two-headed ogre
  8629 | D:11     | Noticed a red ugly thing
  8639 | D:11     | Killed a red ugly thing
  8639 | D:11     | Reached XP level 12. HP: 67/102 MP: 11/11
  9004 | Lair:1   | Entered Level 1 of the Lair of Beasts
  9017 | Lair:1   | Received a gift from Trog
  9204 | Lair:1   | Reached skill level 10 in Armour
  9520 | Lair:1   | Reached skill level 10 in Dodging
 10152 | Lair:2   | Reached skill level 5 in Shields
 10263 | Lair:2   | Found a staircase to the Snake Pit.
 10273 | Lair:2   | Noticed a five-headed hydra
 10282 | Lair:2   | Killed a five-headed hydra
 10626 | Lair:2   | Found a staircase to the Shoals.
 10631 | Lair:2   | Reached ****** piety under Trog
 10631 | Lair:2   | Received a gift from Trog
 11085 | Lair:3   | Reached XP level 13. HP: 112/112 MP: 12/12
 11154 | Lair:3   | Reached skill level 10 in Fighting
 12444 | Lair:4   | Found a frozen archway.
 12518 | IceCv    | Entered an ice cave
 12607 | IceCv    | Got a glittering copper ring
 12731 | IceCv    | Received a gift from Trog
 12736 | IceCv    | Identified the ring of the Tempest {rF+ rN+ Slay+2} (You found it in an ice cave)
 12996 | IceCv    | Noticed a white draconian
 13021 | IceCv    | Killed a white draconian
 14001 | Lair:5   | Reached skill level 10 in Shields
 14001 | Lair:5   | Reached XP level 14. HP: 126/126 MP: 13/13
 14679 | Lair:6   | Entered Level 6 of the Lair of Beasts
 14679 | Lair:6   | Noticed Morgon's ghost (journeyman DgTm)
 14732 | Lair:6   | Killed Morgon's ghost
 14746 | Lair:6   | Noticed mumawa's ghost (journeyman MiBe)
 14776 | Lair:6   | Killed mumawa's ghost
 14960 | Lair:6   | Received a gift from Trog
 15305 | Lair:6   | Noticed bande's ghost (journeyman MiBe)
 15335 | Lair:6   | Killed bande's ghost
 15706 | Lair:6   | Paralysed by a hornet for 1 turns
 15789 | Lair:6   | Paralysed by a hornet for 2 turns
 16622 | Lair:6   | Found a staircase to the Slime Pits.
 16730 | Lair:6   | Received a gift from Trog
 16780 | Lair:6   | Reached skill level 1 in Maces & Flails
 16799 | Lair:6   | Reached XP level 15. HP: 33/137 MP: 14/14
 17988 | D:12     | Noticed Josephine
 17999 | D:12     | Killed Josephine
 18264 | D:12     | Reached skill level 5 in Maces & Flails
 18320 | D:12     | Found a roughly hewn altar of Beogh.
 18320 | D:12     | Found a staircase to the Orcish Mines.
 18443 | Orc:1    | Entered Level 1 of the Orcish Mines
 18836 | Orc:2    | Entered Level 2 of the Orcish Mines
 18845 | Orc:2    | Received a gift from Trog
 19061 | Orc:2    | Found a staircase to the Elven Halls.
 19212 | Orc:2    | Found Ziloc's Antique Armour Emporium.
 19281 | Orc:2    | Received a gift from Trog
 19365 | Orc:2    | Found Weodizxa's Magic Scroll Emporium.
 19366 | Orc:2    | Found Ulaonur's Distillery.
 19390 | Orc:2    | Found Awuff's Antique Armour Shoppe.
 19443 | Orc:2    | Bought a pair of spiked gloves for 361 gold pieces
 19467 | Orc:2    | Identified the -2 pair of gloves of Prudence {*Slow +Fly rN+ Dex+2} (You bought it in a shop on level 2 of the Orcish Mines)
 19469 | Orc:2    | Bought a scroll of identify for 34 gold pieces
 19469 | Orc:2    | Bought a scroll of identify for 34 gold pieces
 19478 | Orc:2    | Bought a potion of curing for 51 gold pieces
 19478 | Orc:2    | Bought a potion of curing for 51 gold pieces
 20355 | D:13     | Got a shimmering battleaxe
 20356 | D:13     | Identified the cursed +1 battleaxe of Gaffoo {flame, rPois} (You found it on level 13 of the Dungeon)
 20513 | D:13     | Found Poodghima's Jewellery Emporium.
 20516 | D:13     | Bought a +5 amulet of reflection for 659 gold pieces
 20664 | D:14     | Found a shadowy altar of Dithmenos.
 21214 | D:14     | Received a gift from Trog
 21275 | D:14     | Found a gate to the Vaults.
 21506 | D:15     | Entered Level 15 of the Dungeon
 22092 | D:15     | Reached XP level 16. HP: 146/146 MP: 5/15
 22137 | D:15     | Found a staircase to the Depths.
 22400 | Shoals:1 | Entered Level 1 of the Shoals
 22529 | Shoals:1 | Reached skill level 15 in Fighting
 22529 | Shoals:1 | Reached skill level 15 in Shields
 22612 | Shoals:1 | Identified a +1 pair of boots of running (You found it on level 1 of the Shoals)
 22672 | Shoals:1 | Received a gift from Trog
 22672 | Shoals:1 | Reached skill level 1 in Evocations
 22807 | Shoals:1 | Noticed Frances
 22826 | Shoals:1 | Killed Frances
 23605 | Shoals:2 | Noticed Inus's ghost (journeyman DgIE)
 23621 | Shoals:2 | Killed Inus's ghost
 24279 | Shoals:3 | Reached skill level 15 in Armour
 24438 | Shoals:4 | Entered Level 4 of the Shoals
 24468 | Shoals:4 | Received a gift from Trog
 24817 | Shoals:4 | Got a fine ring mail
 24818 | Shoals:4 | Identified the +1 ring mail of the Lumpy Stories {SInv} (You found it on level 4 of the Shoals)
 24966 | Shoals:4 | Noticed a kraken
 24977 | Shoals:4 | Killed a kraken
 25307 | Shoals:4 | Got a barnacled rune of Zot
 25416 | Shoals:4 | Noticed Ilsuiw
 25437 | Shoals:4 | Reached XP level 17. HP: 157/157 MP: 6/19
 25439 | Shoals:4 | Killed Ilsuiw
 25439 | Shoals:4 | Reached skill level 5 in Evocations
 25441 | Shoals:4 | Received a gift from Trog
 25489 | Shoals:4 | Got a twitching tin ring
 25560 | Shoals:4 | Identified the Guide on Ashen Hexes
 25727 | Snake:1  | Entered Level 1 of the Snake Pit
 25966 | Snake:1  | Noticed Asterion
 25980 | Snake:1  | Killed Asterion
 26044 | Snake:1  | Identified the ring of Obsession {AC+1 Str+7 Dex+2} (You found it on level 4 of the Shoals)
 26335 | Snake:1  | Identified a scroll of acquirement
 26336 | Snake:1  | Got a pair of blackened boots
 26337 | Snake:1  | Identified the +0 pair of boots of Lugonu's Benevolence {-Tele Dex+6} (You acquired it on level 1 of the Snake Pit)
 27491 | Snake:3  | Received a gift from Trog
 27875 | Snake:3  | Reached skill level 15 in Dodging
 27929 | Snake:4  | Entered Level 4 of the Snake Pit
 27962 | Snake:4  | Got an ebony spear
 27963 | Snake:4  | Identified the +9 spear of the Five Moons {freeze, Str+2 Stlth+} (You found it on level 4 of the Snake Pit)
 28139 | Snake:4  | Reached XP level 18. HP: 112/168 MP: 7/22
 28156 | Snake:4  | Found Yfaekh's Food Boutique.
 28282 | Snake:4  | Found Oscheciu's Magic Scroll Emporium.
 28325 | Snake:4  | Bought a scroll of enchant armour for 120 gold pieces
 28325 | Snake:4  | Bought a scroll of identify for 32 gold pieces
 28389 | Snake:4  | Noticed Saint Roka
 28393 | Snake:4  | Received a gift from Trog
 28411 | Snake:4  | Killed Saint Roka
 28729 | Snake:4  | HP: 8/170 [poisoned by a nagaraja (bolt of poison)]
 29276 | Snake:4  | Received a gift from Trog
 30003 | Snake:4  | Received a gift from Trog
 30011 | Snake:4  | Got a serpentine rune of Zot
 30470 | Vaults:1 | Entered Level 1 of the Vaults
 31140 | Vaults:1 | Reached XP level 19. HP: 179/179 MP: 8/24
 31196 | Vaults:1 | Found Zauckiwiap's Antique Weapon Boutique.
 31359 | Vaults:1 | Received a gift from Trog
 31498 | Vaults:1 | Identified Difair's Tome of Freezing Bewitchment
 32179 | Vaults:2 | Reached skill level 10 in Evocations
 32184 | Vaults:2 | Received a gift from Trog
 32331 | Vaults:2 | Found Nuofuupt's Book Shop.
 32696 | Vaults:2 | Found a staircase to the Crypt.
 33003 | Vaults:2 | Received a gift from Trog
 33322 | Vaults:2 | Reached XP level 20. HP: 191/191 MP: 9/27
 33511 | Vaults:2 | Noticed Aizul
 33519 | Vaults:2 | Killed Aizul
 33600 | Vaults:2 | Reached skill level 1 in Stealth
 34533 | Vaults:3 | Received a gift from Trog
 34598 | Vaults:3 | Paralysed by fainting for 8 turns
 34601 | Vaults:3 | Killed from afar by a frost giant

Skill      XL: |  1  2  3  4  5  6  7  8  9 10 11 12 13 14 15 16 17 18 19 20 |
---------------+-------------------------------------------------------------+-----
Axes           | 4 5 7 8 9 11 12 13 15 16 | 16.8
Shields        | 2 4 6 10 12 14 15 | 15.0
Fighting       | 4 6 8 9 12 14 16 17 18 19 | 19.7
Armour         | 3 5 7 9 11 13 14 15 16 17 19 | 19.4
Dodging        | 3 5 6 9 10 11 12 14 15 16 17 | 17.5
Polearms       | 5 7 |  7.9
Maces & Flails | 1 5 |  5.5
Evocations     | 4 7 9 10 | 10.7
Stealth        | 3 |  3.1

Action                   |  1- 3 |  4- 6 |  7- 9 | 10-12 | 13-15 | 16-18 | 19-21 || total
-------------------------+-------+-------+-------+-------+-------+-------+-------++-------
Melee: Hand axe          |    90 |   109 |   296 |   257 |       |       |       ||   752
       Headbutt          |    11 |    14 |    51 |   161 |   448 |   405 |   225 ||  1315
       War axe           |       |       |       |   333 |   528 |  1240 |   541 ||  2642
       Spear             |       |       |       |   199 |  1264 |    35 |       ||  1498
Invok: Berserk           |       |     1 |     8 |    21 |    24 |    12 |     8 ||    74
       Burn Spellbooks   |       |       |     2 |     1 |       |     1 |       ||     4
       Trog's Hand       |       |       |       |       |     9 |     6 |     3 ||    18
       Brothers in Arms  |       |       |       |       |     5 |    10 |     3 ||    18
 Abil: Evoke Flight      |       |       |       |       |       |     2 |       ||     2
Evoke: Wand              |       |       |       |       |     1 |       |       ||     1
  Use: Scroll            |     7 |     5 |     3 |     9 |    12 |    20 |     5 ||    61
       Potion            |       |       |       |       |       |    10 |       ||    10
 Stab: Sleeping          |     1 |     1 |     3 |     2 |     2 |       |       ||     9
       Distracted        |       |       |       |     1 |       |     2 |       ||     3
  Eat: Chunk             |     1 |     6 |    16 |    40 |    56 |    31 |    20 ||   170
       Meat ration       |       |       |       |       |     1 |       |       ||     1
       Bread ration      |       |       |       |       |       |     4 |       ||     4
Armor: Animal skin       |     9 |       |       |       |       |       |       ||     9
       Ring mail         |    29 |    38 |    87 |   186 |   187 |       |       ||   527
       Fire dragon scale |       |       |       |       |   141 |   206 |    62 ||   409
Dodge: Dodged            |    73 |    39 |   101 |   264 |   696 |   539 |   190 ||  1902
Block: Buckler           |       |       |    16 |   113 |   363 |    28 |       ||   520
       Reflection        |       |       |       |       |    15 |   219 |    42 ||   276
       Shield            |       |       |       |       |       |  1388 |   496 ||  1884
